 Dungeon Crawl Stone Soup version 0.31.0-9-g3a7656b989 (webtiles) character file.

Game seed: 11012630463097572946

201 qw the Ducker (level 5, -1/26 HPs)
             Began as a Spriggan Hunter on Feb 3, 2024.
             Slain by a river rat (7 damage)
             ... summoned by Eustachio
             ... on level 4 of the Dungeon.
             The game lasted 00:00:12 (2860 turns).

qw the Ducker (Spriggan Hunter)                     Turns: 2860, Time: 00:00:12

Health: -1/26      AC:  2    Str:  2      XL:     5   Next: 50%
Magic:  6/6        EV: 21    Int: 11      God:
Gold:   212        SH:  0    Dex: 21 (23) Spells: 4/4 levels left

rFire   . . .        d - +0 orcbow
rCold   . . .        (shield currently unavailable)
rNeg    . . .        c - +0 robe
rPois   .            (helmet restricted)
rElec   .            (no cloak)
rCorr   +            (gloves unavailable)
SInv    +            (boots unavailable)
Will    +....        k - amulet of regeneration
Stlth   +++          a - ring of the Tick {Will+ rCorr Str-5 Dex+3 Stlth+}
HPRegen 1.04/turn    (no ring)
MPRegen 0.10/turn

%: no passive effects
@: very quick
A: very small, no large weapons, unfitting armour, see invisible, speed 3
a: no special abilities


You were on level 4 of the Dungeon.
You visited 1 branch of the dungeon, and saw 4 of its levels.

You collected 212 gold pieces.


Innate Abilities, Weirdness & Mutations

You are very small and have problems with some larger weapons.
You are too small for most types of armour.
You have supernaturally acute eyesight. (SInv)
You cover ground extremely quickly. (Speed+++)


   Skills:
 - Level 2.1 Fighting
 + Level 5.2 Ranged Weapons
 - Level 5.9 Dodging
 - Level 1.5 Stealth


You had 4 spell levels left.
You didn't know any spells.
Your spell library was empty.

Inventory:

Hand Weapons
 d - a +0 orcbow (weapon)
Armour
 c - a +0 robe (worn)
Jewellery
 a - the ring of the Tick (left hand) {Will+ rCorr Str-5 Dex+3 Stlth+}
   (You acquired it on level 3 of the Dungeon)

   [ring of willpower]

   Str-5:     It affects your strength (-5).
   Dex+3:     It affects your dexterity (+3).
   Will+:     It increases your willpower.
   rCorr:     It protects you from acid and corrosion.
   Stlth+:    It makes you more stealthy.
 k - an amulet of regeneration (around neck)
Wands
 h - a wand of charming (8)
Potions
 b - a potion of curing {unknown}
 e - a potion of mutation
 f - a potion of cancellation
 g - a potion of might {unknown}
 i - a potion of haste {unknown}
 m - a potion of resistance {unknown}

Dungeon Overview and Level Annotations

Branches:
Dungeon (4/15)
 Temple: D:4-7

Altars:
Nemelex Xobeh

Annotations:
D:4 Eustachio


Message History

The quasit is lightly wounded.
The bat completely misses you. x2; The quasit misses you.
The quasit completely misses you. The quasit claws you.
The shadow imp hits you. The river rat completely misses you.
The quasit closely misses you. The quasit claws you.
You feel clumsy. The quasit claws you.
You feel clumsy.
You shoot an arrow. The arrow hits the quasit!
The quasit is almost dead.
The shadow imp disappears in a puff of smoke!
The bat misses you. The bat hits you but does no damage. The quasit misses you.
The quasit completely misses you. x2; The river rat misses you. x2
Eustachio closely misses you.
You shoot an arrow. The arrow hits the quasit.
You kill the quasit!
The quasit disappears in a puff of smoke!
The bat completely misses you. The river rat completely misses you.
The river rat bites you. Eustachio closely misses you. The rat misses you.
You shoot an arrow.
The arrow completely misses the phantom.
The river rat closely misses you. The river rat completely misses you.
Eustachio closely misses you. The phantom closely misses you.
The rat completely misses you. The river rat completely misses you.
You shoot an arrow. The arrow closely misses the phantom.
The river rat closely misses you. The phantom barely misses you.
Eustachio closely misses you. The rat completely misses you.
The river rat misses you.
You shoot an arrow.
The arrow hits the phantom but does no damage.
The phantom is heavily damaged.
The river rat barely misses you. The phantom completely misses you.
Eustachio completely misses you. The rat closely misses you.
The river rat bites you. The river rat closely misses you.
Eustachio hits you with a +0 rapier. The phantom hits you!
The rat barely misses you.
You shoot an arrow. The arrow hits the phantom!
The phantom is almost destroyed.
The river rat misses you. The river rat bites you!
You die...

#.....##..... ##
.........# .. #.....# #
######..
##..%.####.#.##....
##.)....##..........
#..%...####..#......
##......#...###....)
#.Wrr.......# #.....
##br@........###.....
#..@#####.....#......
##...#..%......#.....
#...................#
##.....###.##.##....##
##.......####...#.....#
#.......#####..........
###..#.[##.............
####..........##..#..


You could see Eustachio, a phantom, 2 river rats, a bat (summoned) and a rat
(summoned).

Vanquished Creatures
  A hound (D:4)
  8 adders
  2 dart slugs
  A ribbon worm (D:2)
  7 orcs (D:3)
  7 endoplasms
  2 giant cockroaches (D:1)
  8 goblins
  7 hobgoblins
  8 jackals
  5 kobolds (D:1)
  4 quokkas
  4 ball pythons
  10 bats
  A frilled lizard (D:2)
  4 rats
79 creatures vanquished.

Notes
Turn   | Place    | Note
-------+----------+-------------------------------------------
     0 | D:1      | qw the Spriggan Hunter began the quest for the Orb.
     0 | D:1      | Reached XP level 1. HP: 10/10 MP: 2/2
     0 | D:1      | 0 ||| qw: Version: 0.3-a-155-g5e7d8dd
     0 | D:1      | 0 ||| qw: Game counter: 3014
     0 | D:1      | 0 ||| qw: Melee chars always use a shield: true
     0 | D:1      | 0 ||| qw: God list: Okawaru
     0 | D:1      | 0 ||| qw: Allow faded altars: false
     0 | D:1      | 0 ||| qw: Do Orc after clearing Dungeon:15 true
     0 | D:1      | 0 ||| qw: Do second Lair branch before Depths: true
     0 | D:1      | 0 ||| qw: Lair rune preference: random
     0 | D:1      | 0 ||| qw: Goals: Normal
     0 | D:1      | 0 ||| PLANNING D:1-11
   115 | D:1      | Reached skill level 3 in Dodging
   157 | D:1      | Found a faded altar of an unknown god.
   177 | D:1      | Reached XP level 2. HP: 14/14 MP: 3/3
   500 | D:1      | Reached XP level 3. HP: 18/18 MP: 4/4
   888 | D:1      | 888 ||| READING scroll labelled SYPAOTHR LEHAQU.
   889 | D:1      | 889 ||| READING scroll labelled JICRYIL MOOPA.
   890 | D:1      | 890 ||| DROPPING scroll of butterflies.
   892 | D:1      | 892 ||| Stepping ~*~*~tactically~*~*~ (cloud).
   898 | D:1      | HP: 4/18 [poisoned by you (poison gas)]
   901 | D:1      | HP: 1/18 [poisoned by you (poison gas)]
  1216 | D:2      | 1216 ||| SWAPPING to +0 orcbow.
  1217 | D:2      | 1217 ||| DROPPING +0 shortbow.
  1241 | D:2      | 1241 ||| FLEEEEING.
  1242 | D:2      | 1242 ||| FLEEEEING.
  1248 | D:2      | 1248 ||| FLEEEEING.
  1249 | D:2      | 1249 ||| FLEEEEING.
  1250 | D:2      | 1250 ||| FLEEEEING.
  1289 | D:2      | Reached XP level 4. HP: 22/22 MP: 5/5
  1612 | D:2      | 1612 ||| READING scroll labelled MUTOLUG AXTUSMEF.
  1613 | D:2      | 1613 ||| READING scroll labelled WYAQUNL UHIF.
  1972 | D:3      | Found a sparkling altar of Nemelex Xobeh.
  2323 | D:3      | Reached XP level 5. HP: 26/26 MP: 6/6
  2584 | D:3      | 2584 ||| UPGRADING to amulet of regeneration.
  2589 | D:3      | 2589 ||| READING scroll labelled OROIM XASACEHI.
  2589 | D:3      | Identified a scroll of acquirement
  2589 | D:3      | 2589 ||| ACQUIRING ring of the Tick {Will+ rCorr Str-5
                  | Dex+3 Stlth+}
  2589 | D:3      | Acquired the ring of the Tick {Will+ rCorr Str-5 Dex+3
                  | Stlth+}
  2591 | D:3      | 2591 ||| UPGRADING to ring of the Tick {Will+ rCorr Str-5
                  | Dex+3 Stlth+}.
  2592 | D:3      | 2592 ||| READING scroll labelled ULITWOM COQE.
  2693 | D:3      | 2693 ||| READING 3 scrolls labelled UHOAVO LODOI.
  2693 | D:3      | 2693 ||| IDENTIFYING metallic ruby potion
  2694 | D:3      | 2694 ||| READING 2 scrolls of identify.
  2694 | D:3      | 2694 ||| IDENTIFYING brown potion
  2695 | D:3      | 2695 ||| READING scroll of identify.
  2695 | D:3      | 2695 ||| IDENTIFYING sedimented golden potion
  2696 | D:3      | 2696 ||| DROPPING potion of ambrosia.
  2822 | D:4      | Noticed Eustachio
  2828 | D:4      | Noticed a phantom
  2830 | D:4      | 2830 ||| RETREEEEATING.
  2831 | D:4      | 2831 ||| RETREEEEATING.
  2833 | D:4      | 2833 ||| RETREEEEATING.
  2837 | D:4      | 2837 ||| RETREEEEATING.
  2838 | D:4      | 2838 ||| RETREEEEATING.
  2841 | D:4      | 2841 ||| RETREEEEATING.
  2845 | D:4      | 2845 ||| RETREEEEATING.
  2846 | D:4      | 2846 ||| RETREEEEATING.
  2847 | D:4      | 2847 ||| RETREEEEATING.
  2848 | D:4      | 2848 ||| RETREEEEATING.
  2849 | D:4      | 2849 ||| RETREEEEATING.
  2850 | D:4      | 2850 ||| RETREEEEATING.
  2851 | D:4      | 2851 ||| RETREEEEATING.
  2852 | D:4      | 2852 ||| RETREEEEATING.
  2853 | D:4      | 2853 ||| RETREEEEATING.
  2859 | D:4      | HP: 5/26 [phantom (7)]
  2860 | D:4      | Slain by a river rat

Levels and vault maps discovered:
D:1:      wheals_arrival_shading, layout_loops_corners,
          hellmonk_ecumenical_altar_slurped_away
D:2:      layout_basic, hex_medium
D:3:      layout_basic, nemelex_diamond_rough_becter, minmay_misc_feat_square
D:4:      layout_cave_pools, mainiacjoe_overflow_alcove_2,
          gammafunk_ghost_necromancy, item_on_display_a, uniq_eustachio

Skill      XL: |  1  2  3  4 |
---------------+-------------+-----
Dodging        | 3 4 5 |  5.9
Ranged Weapons | 5 |  5.2
Fighting       | 2 |  2.1
Stealth        | |  1.5

Action                     |  1- 3 |  4- 6 || total
---------------------------+-------+-------++-------
   Fire: Shortbow          |    75 |       ||    75
         Orcbow            |    15 |    92 ||   107
    Use: Scroll            |     2 |     7 ||     9
 Armour: Robe              |     8 |    18 ||    26
  Dodge: Dodged            |    17 |    65 ||    82

Table legend:
 A = Non-vault XP
 B = Vault XP
 C = Vault XP percentage of total XP
 D = Non-vault monster count
 E = Vault monster count
 F = Vault count percentage of total count
                 A         B        C        D         E       F
            +---------+---------+-------+---------+---------+-------
      Total |     286 |       2 |   0.7 |      78 |       1 |   1.3
            +---------+---------+-------+---------+---------+-------
        D:1 |      45 |       2 |   4.3 |      26 |       1 |   3.7
        D:2 |      80 |       0 |   0.0 |      24 |       0 |   0.0
        D:3 |      75 |       0 |   0.0 |      17 |       0 |   0.0
        D:4 |      86 |       0 |   0.0 |      11 |       0 |   0.0
            +---------+---------+-------+---------+---------+-------
